 Dungeon Crawl Stone Soup version 0.29.0-4-gdea44cf6ec (webtiles) character file.

Game seed: 15696623961724711159

7863 Lutefisk the Covert (level 11, -17/63 HPs)
             Began as a Vine Stalker Brigand on Aug 26, 2022.
             Was an Initiate of Gozag.
             Demolished by a komodo dragon (26 damage)
             ... on level 1 of the Lair of Beasts.
             The game lasted 00:43:55 (6403 turns).

Lutefisk the Covert (Vine Stalker Brigand)          Turns: 6403, Time: 00:43:55

Health: -17/63     AC:  8    Str: 15    XL:     11   Next: 21%
Magic:  0/12       EV: 13    Int: 11    God:    Gozag
Gold:   971        SH:  0    Dex: 19    Spells: 10/10 levels left

rFire   . . .      SeeInvis .   N - +9 scimitar of Izxul {protect, rN+}
rCold   . . .      Faith    .   (no shield)
rNeg    + . .      Spirit   +   y - +0 leather armour
rPois   +          Reflect  .   M - +2 hat of Courage {rPois}
rElec   .          Harm     .   c - +0 cloak
rCorr   .          Rampage  .   (no gloves)
Will    +....                   E - +1 pair of boots {Stlth+}
Stlth   ++++++....              (no amulet)
HPRegen 1.00/turn               (no ring)
MPRegen 0.13/turn               (no ring)

@: about to teleport
A: fangs 3, regeneration 1, magic shield, antimagic bite, no potion heal 2
a: Renounce Religion, Potion Petition, Call Merchant, Bribe Branch


You were on level 1 of the Lair of Beasts.
You worshipped Gozag.
Gozag was pleased with you.
You visited 3 branches of the dungeon, and saw 12 of its levels.
You also visited: Ossuary.

You collected 1281 gold pieces.
You spent 243 gold pieces at shops.
You paid 67 gold pieces to Gozag.

Inventory:

Hand Weapons
 a - a +2 dagger
 e - a +0 falchion
 o - a +0 sling
 N - the +9 scimitar of Izxul (weapon) {protect, rN+}
   (You bought it in a shop on level 1 of the Dungeon)

   It grants its wielder temporary protection when it strikes (+7 to AC).
   rN:        It protects you from negative energy.
Missiles
 d - 8 poisoned darts (quivered)
 k - 3 silver javelins
 I - 3 curare-tipped darts
Armour
 c - a +0 cloak (worn)
 r - the +6 plate armour of the Five Dancing Tales {rF+ Str+4 Dex+5}
   (You found it on level 3 of the Dungeon)

   Str:       It affects your strength (+4).
   Dex:       It affects your dexterity (+5).
   rF:        It protects you from fire.
 y - a +0 leather armour (worn)
 E - a +1 pair of boots of stealth (worn)
 M - the +2 hat of Courage (worn) {rPois}
   (You found it on level 5 of the Dungeon)

   rPois:     It protects you from poison.
 U - a +2 pair of boots of rampaging
Wands
 m - a wand of flame (16)
 w - a wand of light (19)
 D - a wand of digging (4)
 O - a wand of charming (3)
Scrolls
 f - 4 scrolls of enchant weapon
 j - a scroll of brand weapon {unknown}
 n - 3 scrolls of amnesia
 u - a scroll of silence {unknown}
 v - 2 scrolls of poison {unknown}
 x - 7 scrolls of teleportation
 A - 2 scrolls of blinking {unknown}
 B - 3 scrolls of enchant armour {unknown}
 G - 3 scrolls of vulnerability
 J - a scroll of butterflies {unknown}
 K - 2 scrolls of magic mapping
 L - a scroll of immolation {unknown}
 T - a scroll of fear {unknown}
Potions
 g - 2 potions of cancellation
 i - a potion of might {unknown}
 l - 4 potions of curing
 q - 5 potions of flight {unknown}
 s - a potion of ambrosia {unknown}
 z - 2 potions of degeneration {unknown}
 C - 2 potions of invisibility {unknown}
 F - 2 potions of brilliance
 H - 4 potions of attraction
 P - a potion of lignification {unknown}
 R - a potion of haste {unknown}
 S - 2 potions of mutation {unknown}


   Skills:
 - Level 10.0 Fighting
 - Level 1.7(5.2) Short Blades
 * Level 7.8(7.9) Long Blades
 - Level 2.0 Throwing
 - Level 2.0 Armour
 - Level 3.0 Dodging
 - Level 12.0 Stealth
 - Level 3.0 Evocations


You had 10 spell levels left.
You didn't know any spells.
Your spell library contained the following spells:

 Spells                   Type           Power      Damage    Failure   Level
 Necrotise                Necr           0%         1d4       41%         1
 Shock                    Conj/Air       0%         1d3       41%         1
 Sublimation of Blood     Necr           0%         N/A       54%         2
 Ozocubu's Armour         Ice            0%         N/A       78%         3
 Swiftness                Air            0%         N/A       78%         3
 Vampiric Draining        Necr           0%         2d6       78%         3
 Airstrike                Air            0%         2d(0-16)  99%         4
 Petrify                  Tmut/Erth      0%         N/A       99%         4
 Agony                    Necr           0%         N/A       100%        5
 Irradiate                Conj/Tmut      0%         3d11      100%        5
 Ozocubu's Refrigeration  Ice            0%         4d7       100%        7


Dungeon Overview and Level Annotations

Branches:
Dungeon (9/15)             Temple (1/1) D:5            Lair (2/5) D:9
Ossuary (visited)
  Swamp: Lair:2-3    Shoals: Lair:2-3     Snake: Lair:2-3    Spider: Lair:2-3
    Orc: D:9-12

Altars:
Ashenzari
Cheibriados
Elyvilon
Fedhas
Gozag
Makhleb
Nemelex Xobeh
Okawaru
Qazlal
Ru
Sif Muna
Trog
Uskayaw
Vehumet
Wu Jian
Yredelemnul
Zin
The Shining One

Shops:
D:1 (

Annotations:
D:6 2 runed translucent doors, Eustachio
Lair:1 2 runed translucent doors, Flarelocke's ghost, adept MiFi


Innate Abilities, Weirdness & Mutations

You have razor-sharp teeth.
Your natural rate of healing is unusually fast.
When hurt, damage is shared between your health and your magic reserves.
Your bite disrupts and absorbs the magic of your enemies.
Potions cannot restore your health.


Message History

There is a stone staircase leading down here.
You climb downwards.
There is a stone staircase leading up here.
The yak bellows!
You hear a bellow! x2; You hear an angry hiss.
A yak comes into view.
You hear a bellow!
A yak comes into view.
The yak bellows! 2 yaks come into view.
Found 18 gold pieces.
The yak is distracted by your dazzling golden aura.
You closely miss the yak.
The yak bellows!
Your bite misses the yak. The yak gores you. The yak attacks as you move away!
The yak gores you. The komodo dragon bites you!
The yak attacks as you move away! The yak misses you.
The komodo dragon barely misses you.
There is a stone staircase leading up here.
The komodo dragon barely misses you. The yak barely misses you.
The yak is distracted by your dazzling golden aura.
You climb upwards.
Level annotation: 2 runed translucent doors, Flarelocke's ghost, adept MiFi
There is a stone staircase leading down here.
The komodo dragon bites you!!
The komodo dragon attacks as you move away!
The komodo dragon bites you! The yak attacks as you move away!
The yak gores you!
* * * LOW HITPOINT WARNING * * *
The yak attacks as you move away! The yak closely misses you.
The komodo dragon attacks as you move away!
The komodo dragon completely misses you.
The yak attacks as you move away! The yak gores you but does no damage.
As you read the scroll of teleportation, it crumbles to dust.
You feel strangely unstable. The komodo dragon bites you!
* * * LOW HITPOINT WARNING * * *
The komodo dragon attacks as you move away!
The komodo dragon bites you!!
You die...
Your body crumbles into a pile of gold.

### ###..........
#.##.#.........#.
##.⌠.##..##.⌠.⌠.##
###.....#..#........
#P.⌠.>..'..#...>...#
##.........#.......#
#.#Y.⌠.#...#..⌠.⌠.#.
##l##..##.........#.
#.@................
#......###..#...... #####
........###..##.##.. ###
###...####......##...........
#..##.....P###......###.##.....##
#..........##........#.# ###+#.#.
......................# #.....
#.....................# ######
#...................# #.###


You could see a komodo dragon.

Vanquished Creatures
  A boulder beetle (Lair:1)
  A black mamba (Lair:1)
  A cane toad (Lair:1)
  A komodo dragon (Lair:1)
  A troll (D:9)
  A polar bear (Lair:1)
  A hornet (D:7)
  2 humans (D:9)
  2 wyverns
  A basilisk (Lair:1)
  5 yaks (Lair:1)
  Menkaure (D:5)
  2 acid dragons
  2 water moccasins (Lair:1)
  2 ice beasts
  A sky beast (D:7)
  A black bear (D:6)
  2 ogres
  4 wolves
  2 centaurs
  A phantom (D:4)
  3 elf zombies (Ossuary)
  6 bullfrogs
  A necrophage (D:5)
  3 scorpions
  5 killer bees (D:8)
  2 jellies
  3 electric eels (D:9)
  3 howler monkeys
  2 centaur zombies (Ossuary)
  A human zombie (Ossuary)
  An orc priest (D:8)
  11 hounds
  3 iguanas
  4 orc wizards (D:8)
  3 mummies
  6 adders
  A shadow imp (D:7)
  A white imp (D:7)
  2 ufetubi
  2 adder zombies
  2 worms
  21 orcs
  7 ball pythons
  7 endoplasms
  10 giant cockroaches (D:2)
  6 hobgoblins
  3 jackals (D:1)
  6 quokkas
  7 bats
  A frilled lizard (D:3)
  A giant cockroach zombie (D:3)
  7 goblins
  A goblin zombie (Ossuary)
  12 hobgoblin zombies (Ossuary)
  2 jackal zombies (Ossuary)
  9 kobolds
  7 kobold zombies (Ossuary)
  7 orc zombies (Ossuary)
  3 rats
  A rat zombie (Ossuary)
218 creatures vanquished.

Vanquished Creatures (collateral kills)
  3 yaks (Lair:1)
3 creatures vanquished.

Vanquished Creatures (others)
  A black mamba (Lair:1)
  A cane toad (Lair:1)
  2 plants
4 creatures vanquished.

Grand Total: 225 creatures vanquished

Notes
Turn   | Place    | Note
-------+----------+-------------------------------------------
     0 | D:1      | Lutefisk the Vine Stalker Brigand began the quest for the
                  | Orb.
     0 | D:1      | Reached XP level 1. HP: 11/11 MP: 2/2
    55 | D:1      | Found Puechixt's Antique Weapon Boutique.
   105 | D:1      | Reached skill level 5 in Stealth
   257 | D:1      | Reached XP level 2. HP: 14/15 MP: 3/3
   508 | D:2      | Reached XP level 3. HP: 20/20 MP: 4/4
   686 | D:2      | Gained mutation: Your natural rate of healing is unusually
                  | fast. [Vine Stalker growth]
   686 | D:2      | Reached XP level 4. HP: 24/25 MP: 3/5
   941 | D:3      | Identified the +6 plate armour of the Five Dancing Tales
                  | {rF+ Str+4 Dex+5}
  1086 | D:3      | Reached skill level 1 in Dodging
  1116 | D:3      | Found a basalt altar of Yredelemnul.
  1382 | D:4      | Reached XP level 5. HP: 29/29 MP: 6/6
  1402 | D:4      | Reached skill level 6 in Stealth
  1477 | D:4      | Reached skill level 5 in Fighting
  1477 | D:4      | Reached XP level 6. HP: 31/35 MP: 7/7
  1665 | D:4      | Reached skill level 1 in Armour
  1694 | D:4      | Found a sand-covered staircase.
  1705 | Ossuary  | Entered an ossuary
  1812 | Ossuary  | Reached skill level 7 in Stealth
  1832 | Ossuary  | Reached XP level 7. HP: 30/39 MP: 8/8
  2399 | D:4      | Gained mutation: You have razor-sharp teeth. [Vine Stalker
                  | growth]
  2399 | D:4      | Reached XP level 8. HP: 39/45 MP: 7/9
  2475 | D:5      | Entered Level 5 of the Dungeon
  2478 | D:5      | Found a staircase to the Ecumenical Temple.
  2494 | Temple   | Entered the Ecumenical Temple
  2530 | Temple   | Became a worshipper of Gozag Ym Sagoz the Greedy
  2650 | D:5      | Noticed Menkaure
  2657 | D:5      | Killed Menkaure
  2658 | D:5      | Reached skill level 8 in Stealth
  2728 | D:5      | Reached skill level 9 in Stealth
  2791 | D:5      | Identified the +2 hat of Courage {rPois}
  2996 | D:6      | Reached skill level 10 in Stealth
  3226 | D:6      | Noticed Eustachio
  3242 | D:6      | Reached XP level 9. HP: 38/51 MP: 8/10
  3502 | D:1      | Bought a steaming scimitar for 243 gold pieces
  3502 | D:1      | Identified the +9 scimitar of Izxul {protect, rN+} (You
                  | bought it in a shop on level 1 of the Dungeon)
  3663 | D:6      | Found a runed translucent door.
  3664 | D:6      | Found a runed translucent door.
  3816 | D:7      | Reached skill level 1 in Long Blades
  4217 | D:7      | Noticed a hornet
  4222 | D:7      | Killed a hornet
  4362 | D:8      | Found a bloodstained altar of Trog.
  4570 | D:8      | Noticed a cyclops
  4718 | D:8      | Found a sacrificial altar of Ru.
  5070 | D:9      | Noticed a troll
  5088 | D:9      | Killed a troll
  5089 | D:9      | Reached skill level 5 in Long Blades
  5089 | D:9      | Reached XP level 10. HP: 38/58 MP: 6/11
  5255 | D:9      | Found a burning altar of Makhleb.
  5261 | D:9      | Found a white marble altar of Elyvilon.
  5400 | D:9      | Reached skill level 1 in Evocations
  5430 | D:9      | Found a staircase to the Lair.
  5565 | Lair:1   | Entered Level 1 of the Lair of Beasts
  5726 | Lair:1   | Found a large runed translucent door.
  5726 | Lair:1   | Found a large runed translucent door.
  5743 | Lair:1   | Noticed a cane toad
  5836 | Lair:1   | Reached skill level 10 in Fighting
  5922 | Lair:1   | Noticed a black mamba
  5933 | Lair:1   | Killed a black mamba
  6031 | Lair:2   | Noticed a four-headed hydra
  6054 | Lair:1   | Noticed a black mamba
  6067 | Lair:1   | Reached skill level 11 in Stealth
  6132 | Lair:1   | Noticed a boulder beetle
  6172 | Lair:1   | Reached XP level 11. HP: 63/63 MP: 12/12
  6225 | Lair:1   | Reached skill level 12 in Stealth
  6231 | Lair:1   | Found a transporter.
  6231 | Lair:1   | Found a transporter.
  6252 | Lair:1   | Killed a boulder beetle
  6320 | Lair:1   | Noticed Flarelocke's ghost (adept MiFi)
  6403 | Lair:1   | Demolished by a komodo dragon

Illustrated notes

Levels and vault maps discovered:
D:1:      mrwooster_arrival_statue, layout_loops_ring, serial_shops,
          nicolae_shop_stone, serial_bayou_pond_c
D:2:      minmay_roachtagon, layout_loops_ring, st_stairs_5,
          kennysheep_pointless_box, hangedman_decor_riveting,
          dreamdust_princess_bridge
D:3:      layout_basic, lemuel_zombie_altar_yredelemnul, st_stairs_3,
          nrook_loot_triangle, kennysheep_big_empty_room
D:4:      minmay_opposing_rooms, layout_cave_pods, gup_ossuary_entry_pyramid,
          cheibrodos_sewer_entry_bend
D:5:      layout_loops_cross, minmay_temple_entry_drinking_statues,
          uniq_duvessa, uniq_prince_ribbit1, uniq_menkaure
D:6:      lemuel_insect_pit, layout_cave_pods, kennysheep_small_square,
          uniq_blork_the_orc, uniq_eustachio
D:7:      layout_gridville
D:8:      layout_basic, nicolae_ru_the_path_less_chosen, general_overflow_altar,
          serial_co_window_serial, co_window_corner_a, co_window_corner_a,
          co_window_of_opportunity_a, co_window_corner_a, co_window_paths_a,
          co_window_2corner, co_window_of_opportunity_b, co_window_paths_c,
          co_window_corner_b, co_window_of_opportunity_b, co_window_cross_4,
          co_window_broadway_a, co_window_sun, glass_columns_b, glass_columns_c,
          glass_columns_a, glass_columns_b
D:9:      layout_loops_ring, mainiacjoe_overflow_large_starburst,
          nicolae_hepliaklqana_hippocampus, brannock_xom_greatest_gift,
          erik_lair_island, minmay_ruffians
Temple:   compressed_dpeg_triangle_lava_temple
Lair:1:   gammafunk_boulding_lane, layout_cave_shapes,
          ebering_ghost_disaster_area, grunt_megastairs_2
Lair:2:   layout_chaotic_city, gammafunk_ghost_hive, minivault_19

Skill      XL: |  1  2  3  4  5  6  7  8  9 10 11 |
---------------+----------------------------------+-----
Stealth        | 5 6 7 10 11 12 | 12.0
Fighting       | 2 3 4 5 6 7 9 10 | 10.0
Dodging        | 1 2 3 |  3.0
Throwing       | 2 |  2.0
Armour         | 1 2 |  2.0
Long Blades    | 5 6 7 |  7.8
Evocations     | 2 3 |  3.0
Short Blades   | |  1.7

Action                   |  1- 3 |  4- 6 |  7- 9 | 10-12 || total
-------------------------+-------+-------+-------+-------++-------
Melee: Dagger            |   118 |   204 |   246 |     1 ||   569
       Bite              |    21 |    68 |   111 |    34 ||   234
       Punch             |     1 |     6 |     5 |     1 ||    13
       Scimitar          |       |       |    70 |   108 ||   178
Throw: Dart              |    12 |    21 |    20 |    20 ||    73
       Javelin           |       |     3 |     1 |       ||     4
Evoke: Wand              |       |     4 |       |     9 ||    13
  Use: Scroll            |       |       |       |    11 ||    11
 Stab: Sleeping          |     5 |     9 |    20 |     3 ||    37
       Distracted        |     1 |       |     1 |       ||     2
Armor: Robe              |    29 |    61 |   108 |    31 ||   229
       Leather armour    |       |       |       |     5 ||     5
Dodge: Dodged            |    63 |   165 |   148 |    92 ||   468
